 Dungeon Crawl Stone Soup version 0.30-a0-728-gc68057be0a (webtiles) character file.

Game seed: 4494621482143765722

149 Arximoufas the Trooper (level 5, -2/42 HPs)
             Began as a Demonspawn Fighter on Jan 30, 2023.
             Slain by an orc warrior
             ... wielding a +1 antimagic battleaxe
              (7 damage)
             ... on level 6 of the Dungeon.
             The game lasted 00:04:30 (2111 turns).

Arximoufas the Trooper (Demonspawn Fighter)         Turns: 2111, Time: 00:04:31

Health: -2/42      AC: 10    Str: 18    XL:     5   Next: 9%
Magic:  0/5        EV:  9    Int:  9    God:
Gold:   127        SH:  0    Dex: 13    Spells: 4/4 levels left

rFire   . . .      SeeInvis .    a - +0 war axe
rCold   . . .      Faith    .    (no shield)
rNeg    . . .      Spirit   .    t - +4 scale mail of the Lizard {rPois rCorr}
rPois   +          Reflect  .    s - +0 hat
rElec   .          Harm     .    (no cloak)
rCorr   +          Rampage  .    (no gloves)
Will    +....                    (no boots) Stlth
                                 (no amulet)
HPRegen 0.27/turn                e - ring of willpower
MPRegen 0.09/turn                i - ring of flight

@: mighty, flying
A: demonic touch 1
a: no special abilities


You were on level 6 of the Dungeon.
You visited 1 branch of the dungeon, and saw 4 of its levels.

You collected 127 gold pieces.

Inventory:

Hand Weapons
 a - a +0 war axe (weapon)
Armour
 c - a +0 buckler
 s - a +0 hat (worn)
 t - the +4 scale mail of the Lizard (worn) {rPois rCorr}
   (You found it on level 2 of the Dungeon)

   rPois:     It protects you from poison.
   rCorr:     It protects you from acid and corrosion.
Jewellery
 e - a ring of willpower (left hand)
 g - a ring of protection from cold
 i - a ring of flight (right hand)
 q - a ring of poison resistance
Scrolls
 h - a scroll of amnesia {unknown}
 m - a scroll of poison {unknown}
 o - a scroll of fear {unknown}
 p - a scroll of vulnerability {unknown}
 u - a scroll of identify {unknown}
 x - a scroll of teleportation {unknown}
Potions
 b - a potion of degeneration {unknown}
 d - a potion of might
 f - a potion of haste {unknown}
 j - 2 potions of cancellation {unknown}
 k - 2 potions of heal wounds {unknown}
 l - 3 potions of attraction {unknown}
 n - 2 potions of brilliance {unknown}
 r - a potion of resistance {unknown}
 v - a potion of lignification {unknown}
 w - 2 potions of ambrosia {unknown}


   Skills:
 + Level 3.8 Fighting
 * Level 3.5 Axes
 + Level 3.5 Armour
 - Level 2.8 Shields


You had 4 spell levels left.
You didn't know any spells.
Your spell library contained the following spells:

 Spells                   Type           Power      Damage    Failure   Level
 Magic Dart               Conj           0%         1d3       77%         1
 Call Imp                 Summ           0%         N/A       88%         2
 Cigotuvi's Dreadful Rot  Necr/Pois/Air  0%         N/A       88%         2
 Mephitic Cloud           Conj/Pois/Air  0%         N/A       98%         3
 Alistair's Intoxication  Tmut/Pois      0%         N/A       100%        5
 Silence                  Hex/Air        0%         N/A       100%        5
 Conjure Ball Lightning   Conj/Air       0%         3x3d6     100%        6


Dungeon Overview and Level Annotations

Branches:
Dungeon (3/15)

Altars:

Shops:
D:3 =


Innate Abilities, Weirdness & Mutations

Your touch may inflict minor irresistible damage on your foes.


Message History

Found a scroll labelled EKHUOL LUDYPROU.
An orc warrior comes into view.
It is wielding a +1 antimagic battleaxe.
The orc closely misses you.
You slash the orc!
You kill the orc!
An acid dragon comes into view.
The acid dragon roars!
The orc warrior hits you with a +1 antimagic battleaxe!
You feel your power leaking away.
You see here a +0 war axe.
An orc wizard comes into view. It is wielding a +0 dagger. x2
You feel very mighty all of a sudden.
The orc wizard shouts!
You hear a bark!
The orc wizard mumbles some strange words.
The orc wizard flickers and vanishes!
Deactivating autopickup; reactivate with Ctrl-A.
You closely miss the orc warrior.
The orc warrior hits you with a +1 antimagic battleaxe!
You feel your power leaking away.
You hit the orc warrior but do no damage.
A hound comes into view.
The orc warrior closely misses you. The orc warrior completely misses you.
You slash the orc warrior! Your touch misses the orc warrior.
The orc warrior is moderately wounded.
The orc warrior hits you with a +1 antimagic battleaxe!
* * * LOW HITPOINT WARNING * * *
The orc wizard casts a spell.
The orc wizard flickers and vanishes!
You barely miss the orc warrior.
The orc warrior is moderately wounded.
The orc warrior barely misses you.
You barely miss the orc warrior.
The orc warrior is moderately wounded.
The orc warrior hits you with a +1 antimagic battleaxe.
* * * LOW HITPOINT WARNING * * *
The orc warrior barely misses you.
You slash the orc warrior! Your touch misses the orc warrior.
The orc warrior is severely wounded.
The orc warrior hits you with a +1 antimagic battleaxe!
You die...

..........#. #.#........
###.........#####
.................
......#.......#
......#.......##
.....#........#
#.....##....#####
####......###...@o{#
#...........###.##{#
#.........#.# #.##.....###
#.........#......##.###.##
#..........####... ..###?#
#........#... ...#....####
#........#########.##.....
#........# # .####
#........# ###D#


You could see an orc warrior.

Vanquished Creatures
  2 orc wizards (D:3)
  4 gnolls (D:3)
  3 dart slugs
  4 orcs
  5 bats
  An endoplasm (D:2)
  7 goblins
  8 hobgoblins
  2 quokkas (D:1)
  6 ball pythons
  7 kobolds
  6 rats
55 creatures vanquished.

Notes
Turn   | Place    | Note
-------+----------+-------------------------------------------
     0 | D:1      | Arximoufas the Demonspawn Fighter began the quest for the
                  | Orb.
     0 | D:1      | Reached XP level 1. HP: 18/18 MP: 1/1
   385 | D:1      | Gained mutation: Your touch may inflict minor irresistible
                  | damage on your foes. [demonic ancestry]
   385 | D:1      | Reached XP level 2. HP: 24/24 MP: 2/2
   916 | D:2      | Reached XP level 3. HP: 29/29 MP: 3/3
  1129 | D:2      | Identified the +4 scale mail of the Lizard {rPois rCorr}
  1822 | D:3      | Reached XP level 4. HP: 35/35 MP: 4/4
  1902 | D:3      | Reached XP level 5. HP: 39/42 MP: 5/5
  1932 | D:3      | Found Dajaraix's Jewellery Emporium.
  2068 | D:3      | Got the Codex of Gusts and the Hornet
  2089 | D:3      | You are sucked into a shaft and drop 3 floors!
  2100 | D:6      | Noticed an orc warrior
  2102 | D:6      | Noticed an acid dragon
  2111 | D:6      | Slain by an orc warrior

Illustrated notes

Levels and vault maps discovered:
D:1:      erik_arrival_orb_chamber, layout_basic
D:2:      layout_basic
D:3:      layout_loops_cross, mainiacjoe_overflow_tiny_flanked, serial_shops,
          nicolae_shop_trees, ebering_dispersal_statue_hall,
          hangedman_decor_riveting, uniq_crazy_yiuf_cottage
D:6:      layout_rooms, nicolae_overflow_crystal_walls,
          mainiacjoe_overflow_cross_hatched,
          minmay_temple_entry_statues_pillars, serial_rivers,
          chequers_serial_rivers_micro_e, chequers_serial_rivers_room_b,
          chequers_serial_rivers_micro_b, chequers_serial_rivers_room_a,
          chequers_serial_rivers_room_a, solitary_fountain, kb_rosetta

Skill      XL: |  1  2  3 |
---------------+----------+-----
Axes           | 2 3 |  3.5
Armour         | 3 |  3.5
Fighting       | |  3.8
Shields        | |  2.8

Action                     |  1- 3 |  4- 6 || total
---------------------------+-------+-------++-------
  Melee: War axe           |    61 |    41 ||   102
         Touch             |     7 |     5 ||    12
    Use: Potion            |       |     1 ||     1
 Armour: Scale mail        |    31 |    23 ||    54
  Dodge: Dodged            |    39 |    24 ||    63
  Block: Buckler           |     1 |       ||     1

Table legend: (Time is in decaauts)
 A = Elapsed time spent in this place.
 B = Non-inter-level travel time spent in this place.
 C = Inter-level travel time spent in this place.
 D = Time resting spent in this place.
 E = Time spent auto-exploring this place.
 F = Levels seen in this place.
 G = Mean time per level.
                   A        B        C        D        E       F      G
               +--------+--------+--------+--------+--------+-----+--------+
         Total |   2144 |   2013 |    131 |      0 |   1618 |   4 |  536.0 |
       Dungeon |   2144 |   2013 |    131 |      0 |   1618 |   4 |  536.0 |
               +--------+--------+--------+--------+--------+-----+--------+

Top non-repeatable levels by time:
     D:2: 835 daAuts
     D:1: 776 daAuts
     D:3: 508 daAuts
     D:6: 23 daAuts
